 Dungeon Crawl Stone Soup version 0.31-a0-771-g505c3d19dc (webtiles) character file.

Game seed: 15467898232949010268

9151 cheesebisquit the Merchant of Misery (level 11, -13/95 (99) HPs)
             Began as a Hill Orc Necromancer on Sept 16, 2023.
             Was a Believer of Kikubaaqudgha.
             Killed from afar by Lodul (24 damage)
             ... with a bolt of lightning
             ... on level 10 of the Dungeon.
             The game lasted 00:51:02 (14370 turns).

cheesebisquit the Merchant of Misery (HONe)        Turns: 14370, Time: 00:51:02

HP:   -13/95 (99)   AC:  7    Str: 12    XL:     11   Next: 42%
MP:   2/13          EV: 12    Int: 19    God:    Kikubaaqudgha [**....]
Gold: 574           SH:  0    Dex: 11    Spells: 5/13 levels left

rFire   . . .        l - +3 trident (freeze)
rCold   . . .        (no shield)
rNeg    . . .        T - +2 robe {Will+}
rPois   +            L - +1 hat
rElec   .            o - +0 cloak
rCorr   .            t - +0 pair of gloves
SInv    .            (no boots)
Will    +....        (no amulet)
Stlth   ++           q - ring of poison resistance
HPRegen 0.35/turn    W - +4 ring of slaying
MPRegen 0.13/turn

%: no passive effects
@: mighty, animating dead, lightly drained
A: no striking features
a: Renounce Religion, Unearth Wretches


You were on level 10 of the Dungeon.
You worshipped Kikubaaqudgha.
Kikubaaqudgha was pleased with you.
You visited 2 branches of the dungeon, and saw 11 of its levels.

You collected 574 gold pieces.

Inventory:

Hand Weapons
 b - a +0 spear
 l - a +3 trident of freezing (weapon)
 s - the +2 sling "Ymoet" {antimagic, +Blink Int+3 Dex+2}
   (You found it on level 3 of the Dungeon)

   Int+3:     It affects your intelligence (+3).
   Dex+2:     It affects your dexterity (+2).
   +Blink:    It lets you blink.
 y - a +0 trident
 H - a +0 halberd
 N - a +2 trident of venom
Missiles
 u - 10 poisoned darts
 v - 2 throwing nets
 x - 13 boomerangs
 R - 3 curare-tipped darts
Armour
 a - a +0 robe
 m - a +2 leather armour of cold resistance
 o - a +0 cloak (worn)
 r - a +0 leather armour of positive energy
 t - a +0 pair of gloves (worn)
 w - a +0 helmet
 A - +0 acid dragon scales
 L - a +1 hat (worn)
 T - a +2 robe of willpower (worn)
Jewellery
 h - a ring of see invisible
 q - a ring of poison resistance (left hand)
 S - a ring of protection from fire
 W - a +4 ring of slaying (right hand)
 Z - a ring of resist corrosion
Wands
 e - a wand of polymorph (2)
 G - a wand of roots (9)
 O - a wand of light (6)
 P - a wand of paralysis (19)
 U - a wand of flame (18)
 Y - a wand of mindburst (3)
Scrolls
 d - a scroll of torment
 j - 3 scrolls of teleportation
 k - a scroll of enchant armour {unknown}
 p - a scroll of blinking
 D - a scroll of acquirement {unknown}
 I - a scroll of fear {unknown}
 J - 2 scrolls of immolation
 K - 2 scrolls of fog
 Q - a scroll of vulnerability
 V - a scroll of poison
 X - a scroll of noise
Potions
 c - a potion of attraction {unknown}
 f - a potion of cancellation {unknown}
 g - 2 potions of brilliance
 i - 6 potions of lignification
 n - 3 potions of enlightenment
 z - a potion of might
 B - 2 potions of ambrosia {unknown}
 C - a potion of mutation {unknown}
 E - 2 potions of curing {unknown}
 F - a potion of resistance {unknown}
 M - a potion of haste {unknown}


   Skills:
 + Level 10.1 Fighting
 + Level 11.0 Polearms
 - Level 4.0 Armour
 - Level 1.5 Dodging
 - Level 1.5 Stealth
 - Level 1.5 Spellcasting
 + Level 11.6 Necromancy


You had 5 spell levels left.
You knew the following spells:

 Your Spells              Type           Power      Damage    Failure   Level
a - Necrotise             Necr           100%       1d9       1%          1
b - Vampiric Draining     Necr           45%        2d9       1%          3
c - Animate Dead          Necr           45%        N/A       1%          4

Your spell library contained the following spells:

 Spells                   Type           Power      Damage    Failure   Level
 Kiss of Death            Conj/Necr      92%        2d12      1%          1
 Sublimation of Blood     Necr           45%        N/A       1%          2
 Agony                    Necr           45%        N/A       4%          5
 Summon Small Mammal      Summ           4%         N/A       19%         1
 Lesser Beckoning         Tloc           2%         N/A       26%         2
 Call Canine Familiar     Summ           1%         N/A       47%         3
 Gell's Gravitas          Tloc           1%         N/A       47%         3
 Ozocubu's Armour         Ice            1%         N/A       47%         3
 Summon Guardian Golem    Hex/Summ       1%         N/A       47%         3
 Teleport Other           Tloc           1%         N/A       47%         3
 Ozocubu's Refrigeration  Ice            0%         4d7       100%        7


Dungeon Overview and Level Annotations

Branches:
Dungeon (10/15)            Temple (1/1) D:6            Lair (0/5) D:9
    Orc: D:9-12

Altars:
Ashenzari
Cheibriados
Dithmenos
Elyvilon
Fedhas
Gozag
Hepliaklqana
Kikubaaqudgha
Makhleb
Nemelex Xobeh
Okawaru
Qazlal
Ru
Sif Muna
Trog
Uskayaw
Vehumet
Wu Jian
Xom
Yredelemnul
Zin
The Shining One

Shops:
D:3 =   D:5 (

Annotations:
D:5 1 runed translucent door
D:8 exclusion: orange demon, Amaemon
D:10 Lodul


Message History

The ogre hits your ogre zombie with a +0 giant spiked club!
Your ogre zombie is destroyed!
Casting: Vampiric Draining (safe; 1% risk of failure)
Confirm with . or Enter, or press ? or * to list all spells.
You don't have enough magic to cast this spell.
You hit the ogre. You freeze the ogre.
The ogre is moderately wounded.
The ogre closely misses you. The gnoll sergeant closely misses you.
You puncture the gnoll! You freeze the gnoll.
The gnoll is almost dead.
Your gnoll zombie hits Lodul but does no damage.
The gnoll sergeant misses you.
The ogre hits you with a +0 giant spiked club!!
* * * LOW HITPOINT WARNING * * *
You swap places.
Electricity crackles from Lodul's apparatus.
The bolt of lightning misses you.
The ogre hits your gnoll zombie with a +0 giant spiked club!!
Your gnoll zombie is destroyed!
Your gnoll zombie barely misses Lodul.
Reach: l) +3 trident (freeze)
Press: ? - help, Dir - move target, f - ogre
Aim: an ogre, wielding a +0 giant spiked club (about 18% to evade your +3 trident of freezing)
Okay, then.
You feel very mighty all of a sudden.
Lodul winks and says, "Everything have price."
Your gnoll zombie hits Lodul but does no damage.
Casting: Vampiric Draining (safe; 1% risk of failure)
Confirm with . or Enter, or press ? or * to list all spells.
You don't have enough magic to cast this spell.
You barely miss the ogre.
The ogre is moderately wounded.
The ogre closely misses you.
You barely miss the ogre.
The ogre is moderately wounded.
Your gnoll zombie hits Lodul.
Electricity crackles from Lodul's apparatus.
The bolt of lightning hits you!!
You die...
Kikubaaqudgha rasps: "You have failed me!
Welcome... death!"

#.### ####..
#.# #.. #.#
#.. ##.# #..
#..# #..
#.## #.. #.#
#.. #.# ###
#@# #O#
#..OOOO.....
#..OgO......
#..Z........
#...........
#.......!...
#...........
#...........


You could see Lodul (ally target), 5 ogres, a gnoll and a friendly gnoll zombie.

Vanquished Creatures
  A two-headed ogre (D:10)
  A cyclops (D:8)
  A gargoyle (D:10)
  Psyche (D:10)
  A yaktaur (shapeshifter) (D:10)
  A troll (D:9)
  3 wraiths
  A wyvern (D:9)
  5 yaks
  Edmund (D:4)
  A vampire mosquito (D:10)
  An acid dragon (D:9)
  A water moccasin (D:5)
  An orc warrior (D:10)
  3 sky beasts (D:7)
  2 black bears
  2 ogres
  A centaur (D:8)
  2 phantoms (D:6)
  A kobold brigand (D:8)
  3 bullfrogs
  A gnoll sergeant (D:9)
  13 scorpions (D:5)
  9 wights
  22 killer bees
  3 howler monkeys
  7 electric eels
  A lava snake (D:7)
  5 hounds
  4 orc priests
  Crazy Yiuf (D:4)
  4 jellies
  3 sleepcaps
  4 iguanas
  8 orc wizards
  Robin (D:4)
  22 gnolls
  4 adders
  2 shadow imps
  A white imp (D:5)
  An ufetubus (D:4)
  3 worms
  25 orcs
  5 endoplasms
  5 giant cockroaches
  8 goblins
  6 hobgoblins
  3 jackals (D:4)
  6 quokkas
  7 ball pythons
  2 bats (D:2)
  7 kobolds
  5 rats
232 creatures vanquished.

Vanquished Creatures (collateral kills)
  A black bear (D:4)
  An orc warrior (D:9)
  A phantom (D:6)
  2 wights (D:9)
  An orc priest (D:9)
  A shadow imp (D:6)
  An orc (D:9)
  2 kobolds (D:8)
  2 goblins (D:4)
12 creatures vanquished.

Vanquished Creatures (others)
  A troll zombie (D:9)
  An ogre zombie (D:10)
  2 gnoll zombies (D:10)
  2 orc zombies (D:9)
6 creatures vanquished.

Grand Total: 250 creatures vanquished

Notes
Turn   | Place    | Note
-------+----------+-------------------------------------------
     0 | D:1      | cheesebisquit the Hill Orc Necromancer began the quest for
                  | the Orb.
     0 | D:1      | Reached XP level 1. HP: 14/14 MP: 3/3
   200 | D:1      | Reached XP level 2. HP: 19/20 MP: 1/4
   378 | D:1      | Found a faded altar of an unknown god.
  1049 | D:2      | Reached XP level 3. HP: 26/26 MP: 0/5
  1134 | D:2      | Reached skill level 5 in Necromancy
  1138 | D:2      | Learned a level 3 spell: Vampiric Draining
  1343 | D:2      | Found a shimmering blue altar of Sif Muna.
  1806 | D:3      | Identified the +2 sling "Ymoet" {antimagic, +Blink Int+3
                  | Dex+2}
  1856 | D:3      | Found Asar's Jewellery Emporium.
  1872 | D:3      | Reached XP level 4. HP: 32/33 MP: 1/6
  2697 | D:3      | Reached skill level 1 in Polearms
  2709 | D:3      | Reached XP level 5. HP: 20/38 MP: 0/7
  3033 | D:4      | Noticed Robin
  3412 | D:4      | Reached XP level 6. HP: 37/45 MP: 2/8
  3463 | D:4      | Killed Robin
  3721 | D:4      | Noticed Edmund
  3759 | D:4      | Killed Edmund
  4022 | D:4      | Noticed a black bear
  4035 | D:4      | Killed a black bear
  4036 | D:4      | Reached XP level 7. HP: 12/50 MP: 0/9
  4479 | D:4      | Found a runed translucent door.
  4480 | D:4      | Noticed Crazy Yiuf
  5100 | D:4      | Killed Crazy Yiuf
  5101 | D:4      | Reached skill level 5 in Polearms
  5215 | D:5      | Entered Level 5 of the Dungeon
  5226 | D:5      | Learned a level 4 spell: Animate Dead
  5472 | D:5      | Found a stormy altar of Qazlal.
  5560 | D:5      | Reached XP level 8. HP: 55/57 MP: 5/10
  5602 | D:5      | Found Gufimek's Weapon Shoppe.
  5673 | D:5      | Noticed a +0 spear
  5674 | D:5      | Noticed a +0 falchion
  5674 | D:5      | Noticed a +0 dagger
  5698 | D:5      | Found a hide-covered altar of Uskayaw.
  5698 | D:5      | Noticed a +0 short sword
  5700 | D:5      | Noticed a +0 short sword
  5700 | D:5      | Noticed a +0 dagger
  5745 | D:5      | Noticed a +0 spear
  5748 | D:5      | Noticed a +0 falchion
  5763 | D:5      | Reached skill level 1 in Fighting
  6038 | D:5      | Found a runed translucent door.
  6040 | D:5      | Found a runed translucent door.
  6103 | D:5      | Reached XP level 9. HP: 40/71 MP: 1/11
  6383 | D:6      | Reached skill level 5 in Fighting
  7020 | D:6      | Found a staircase to the Ecumenical Temple.
  7348 | Temple   | Entered the Ecumenical Temple
  7738 | D:7      | Found a shimmering altar of Xom.
  7799 | D:7      | Found a shadowy altar of Dithmenos.
  8488 | D:7      | Reached skill level 10 in Necromancy
  8859 | D:7      | Found a snail-covered altar of Cheibriados.
  8872 | D:7      | Found an ancient bone altar of Kikubaaqudgha.
  8878 | D:7      | Became a worshipper of Kikubaaqudgha
  9299 | D:7      | Reached XP level 10. HP: 67/86 MP: 8/12
 10509 | D:8      | Noticed an orange demon
 10616 | D:8      | Noticed a cyclops
 10623 | D:8      | Killed a cyclops
 10888 | D:8      | Noticed Amaemon
 11379 | D:8      | Reached skill level 10 in Polearms
 11526 | D:9      | Reached * piety under Kikubaaqudgha
 11526 | D:9      | Received a gift from Kikubaaqudgha
 11959 | D:9      | Found a glowing silver altar of Zin.
 12226 | D:9      | Reached skill level 1 in Armour
 12725 | D:9      | Reached XP level 11. HP: 86/97 MP: 5/13
 12838 | D:9      | Found a staircase to the Lair.
 13038 | D:9      | Found a sparkling altar of Nemelex Xobeh.
 13235 | D:10     | Entered Level 10 of the Dungeon
 13235 | D:10     | Noticed Psyche
 13242 | D:10     | Killed Psyche
 13344 | D:10     | Found a broken altar of Ashenzari.
 13425 | D:10     | Found an ornate altar of the Wu Jian Council.
 13488 | D:10     | Noticed a two-headed ogre
 13497 | D:10     | Killed a two-headed ogre
 13891 | D:10     | Reached skill level 10 in Fighting
 14151 | D:10     | Reached ** piety under Kikubaaqudgha
 14346 | D:10     | Noticed Lodul
 14370 | D:10     | Killed from afar by Lodul

Illustrated notes

Levels and vault maps discovered:
D:1:      lemuel_arrival_behind_the_door_large, layout_basic,
          shapermc_ecumenical_altar_acropolis, minivault_27
D:2:      layout_loops_ring, basic_altar
D:3:      layout_loops_ring, serial_shops, shop, serial_bayou_lake_a
D:4:      layout_loops_corners, minmay_misc_feat_pillars, minmay_pentomino_pile,
          uniq_edmund, uniq_crazy_yiuf_cottage, uniq_robin
D:5:      lemuel_insect_pit, layout_rooms, nicolae_uskayaw_en_pointe,
          overflow_temple_1_default, serial_shops, shop
D:6:      layout_basic, temple_pool_b
D:7:      layout_basic, mainiacjoe_overflow_catch_the_wave,
          nicolae_overflow_squiral, kennysheep_path_1
D:8:      layout_basic, minmay_small_thing, uniq_amaemon
D:9:      layout_basic, marbit_many_paths, zin_statuary, dpeg_oklobed_lair
D:10:     layout_roguey, mainiacjoe_overflow_paths, nicolae_ashenzari_skybound,
          minmay_quadrilaterals, uniq_lodul, uniq_psyche
Temple:   hellmonk_temple_two_chambers

Skill      XL: |  1  2  3  4  5  6  7  8  9 10 11 |
---------------+----------------------------------+-----
Necromancy     | 5 6 7 8 9 10 11 | 11.6
Polearms       | 1 2 4 5 7 8 10 11 | 11.0
Fighting       | 4 7 9 10 | 10.1
Armour         | 2 4 |  4.0
Dodging        | |  1.5
Stealth        | |  1.5
Spellcasting   | |  1.5

Action                     |  1- 3 |  4- 6 |  7- 9 | 10-12 || total
---------------------------+-------+-------+-------+-------++-------
  Melee: Unarmed           |     3 |       |       |       ||     3
         Dagger            |     7 |     3 |       |       ||    10
         Spear             |       |    86 |     7 |       ||    93
         Punch             |       |     2 |     2 |     3 ||     7
         Halberd           |       |       |     3 |       ||     3
         Trident           |       |       |   136 |   301 ||   437
   Cast: Necrotise         |    51 |   107 |   210 |   123 ||   491
         Vampiric Draining |       |     2 |     2 |    18 ||    22
         Animate Dead      |       |       |       |     3 ||     3
    Use: Potion            |       |     1 |     2 |     9 ||    12
         Scroll            |       |       |     7 |     7 ||    14
   Stab: Sleeping          |       |       |     1 |     1 ||     2
 Armour: Robe              |     4 |       |       |    52 ||    56
         Leather armour    |     3 |    89 |   179 |   152 ||   423
         Acid dragon scale |       |       |       |    66 ||    66
  Dodge: Dodged            |    10 |    88 |   138 |   157 ||   393

Table legend: (Time is in decaauts)
 A = Elapsed time spent in this place.
 B = Non-inter-level travel time spent in this place.
 C = Inter-level travel time spent in this place.
 D = Time resting spent in this place.
 E = Time spent auto-exploring this place.
 F = Levels seen in this place.
 G = Mean time per level.
                   A        B        C        D        E       F      G
               +--------+--------+--------+--------+--------+-----+--------+
         Total |  14435 |  14010 |    425 |    516 |  11452 |  11 | 1312.3 |
       Dungeon |  14433 |  14008 |    425 |    516 |  11452 |  10 | 1443.3 |
        Temple |      1 |      1 |      0 |      0 |      0 |   1 |    1.0 |
               +--------+--------+--------+--------+--------+-----+--------+

Top non-repeatable levels by time:
     D:7: 2198 daAuts
     D:4: 2055 daAuts
     D:9: 1786 daAuts
     D:8: 1713 daAuts
     D:3: 1460 daAuts
     D:6: 1244 daAuts
     D:5: 1129 daAuts
    D:10: 1113 daAuts
     D:1: 879 daAuts
     D:2: 852 daAuts
  Temple: 1 daAuts
